 Dungeon Crawl Stone Soup version 0.17.0-24-gcfadda4 (webtiles) character file.

129040 Medar the Cruncher (level 17, -2/106 HPs)
             Began as a Gargoyle Summoner on Nov 17, 2015.
             Was the Champion of Makhleb.
             Slain by an emperor scorpion (9 damage)
             ... on level 4 of the Spider Nest.
             The game lasted 01:36:39 (35276 turns).

Medar the Cruncher (Gargoyle Summoner)             Turns: 35276, Time: 01:36:39

Health: -2/106     AC: 41    Str: 24    XL:     17   Next: 4%
Magic:  47/47      EV: 17    Int: 17    God:    Makhleb [******]
Gold:   1958       SH:  0    Dex: 14    Spells: 7 memorised, 11 levels left

rFire  + . .     SeeInvis .     a - +3 lajatang (speed)
rCold  + . .     Clarity  +     A - +5 ring mail "Acotz" {Str+4 Slay+3}
rNeg   + . .     SustAt   .     (shield currently unavailable)
rPois  ∞         Gourm    .     y - +2 helmet
rElec  +         Spirit   .     X - +2 cloak
rCorr  .         Warding  .     r - +2 pair of gloves of the Frog {MP+9 Dex+4}
rMut   .         Stasis   .     Y - +2 pair of boots {Fly}
MR     +....                    e - amulet of clarity
Stlth  ++........               u - ring of Oggum {AC+3 Str+2}
                                B - ring "Ymidag" {rC+ MP+9 Stlth+}

@: flying, repel missiles, somewhat resistant to hostile enchantments,
unstealthy
A: big wings, fire resistance 1, negative energy resistance 1, electricity
resistance, unbreathing, petrification resistance, rot immunity, AC +12
a: Stop Flying, Minor Destruction, Lesser Servant of Makhleb, Major Destruction,
Greater Servant of Makhleb, Renounce Religion


You were on level 4 of the Spider Nest.
You worshipped Makhleb.
Makhleb was exalted by your worship.
You were very hungry.

You visited 5 branches of the dungeon, and saw 32 of its levels.
You also visited: Labyrinth and Volcano.

You collected 3795 gold pieces.
You spent 1837 gold pieces at shops.

Inventory:

Hand Weapons
 a - a +3 lajatang of speed (weapon)
 C - a +2 lajatang of protection
Missiles
 v - 2 throwing nets {=f =F}
Armour
 r - the +2 pair of gloves of the Frog (worn) {MP+9 Dex+4}
   (You found it on level 8 of the Lair of Beasts)

   It affects your dexterity (+4).
   It affects your magic capacity (+9).
 y - a +2 helmet (worn)
 A - the +5 ring mail "Acotz" (worn) {Str+4 Slay+3}
   (You found it on level 5 of the Dungeon)

   It affects your strength (+4).
   It affects your accuracy and damage with ranged weapons and melee attacks
   (+3).
 F - the +8 chain mail "Cuenylocips" {rPois rCorr}
   (You found it on level 2 of the Spider Nest)

   It protects you from poison.
   It protects you from acid and corrosion.
 X - a +2 cloak (worn)
 Y - a +2 pair of boots of flying (worn)
Magical Staves
 V - an uncursed staff of conjuration {unknown}
Rods
 f - a +1 lightning rod (11/11)
   (You found it in a labyrinth)
Jewellery
 b - an uncursed ring of ice
 e - an amulet of clarity (around neck)
 u - the ring of Oggum (right hand) {AC+3 Str+2}
   (You found it on level 5 of the Dungeon)

   [ring of protection]

   It affects your AC (+3).
   It affects your strength (+2).
 w - an uncursed amulet of regeneration
 B - the ring "Ymidag" (left hand) {rC+ MP+9 Stlth+}
   (You found it in a labyrinth)

   [ring of magical power]

   It protects you from cold.
   It affects your magic capacity (+9).
   It makes you more stealthy.
 E - an uncursed amulet of warding
 M - an uncursed ring of wizardry
 N - an uncursed ring of see invisible
 S - an uncursed ring of teleportation
 Z - an uncursed ring of protection from magic
Wands
 i - a wand of disintegration (8)
 l - a wand of cold (6)
 O - a wand of disintegration (7)
 Q - a wand of confusion (19)
 T - a wand of paralysis (10)
Scrolls
 d - 7 scrolls of teleportation
 g - 2 scrolls of enchant armour
 k - 2 scrolls of recharging
 n - 8 scrolls of fog
 o - 2 scrolls of fear
 t - 4 scrolls of identify {@r2}
 x - 13 scrolls of remove curse {@r1}
 K - 4 scrolls of blinking
 P - a scroll of holy word
Potions
 h - a potion of haste
 m - 3 potions of brilliance
 p - 5 potions of heal wounds
 s - 15 potions of curing {@q1}
 z - a potion of magic
 D - 4 potions of resistance
 G - 3 potions of ambrosia
 H - 3 potions of lignification
 I - a potion of invisibility
 J - 3 potions of might
 L - 6 potions of agility
 R - 2 potions of berserk rage {!q}
Books
 U - a book of Power

   Spells                             Type                      Level
   a - Fulminant Prism                Conjuration/Hexes            4
   b - Iskenderun's Mystic Blast      Conjuration                  4
   c - Venom Bolt                     Conjuration/Poison           5
   d - Bolt of Magma                  Conjuration/Fire/Earth       5
   e - Iron Shot                      Conjuration/Earth            6
   f - Orb of Destruction             Conjuration                  7
   g - Spellforged Servitor           Conjuration/Summoning        7
Comestibles
 c - 17 bread rations {@e1}
 j - 14 meat rations {@e2}
 q - 20 fruits {@e3}


   Skills:
 + Level 12.0 Fighting
 - Level 1.9(9.5) Maces & Flails
 - Level 14.0 Staves
 - Level 10.0 Armour
 - Level 9.8 Dodging
 - Level 2.1 Stealth
 - Level 8.2 Spellcasting
 - Level 14.0 Charms
 - Level 3.6 Summonings
 - Level 3.0 Translocations
 - Level 2.0 Air Magic
 - Level 8.4 Invocations


You had 11 spell levels left.
You knew the following spells:

 Your Spells              Type           Power        Failure   Level  Hunger
c - Summon Lightning Spi  Summ/Air       ###.....     54%         4    ###....
d - Call Imp              Summ           ###.....     6%          2    None
e - Swiftness             Chrm/Air       ####....     1%          2    None
f - Call Canine Familiar  Summ           ###.....     12%         3    #......
r - Repel Missiles        Chrm/Air       ####..       1%          2    None
w - Blink                 Tloc           N/A          8%          2    None
E - Haste                 Chrm           ######..     10%         6    ######.


Dungeon Overview and Level Annotations

Branches:
Dungeon (15/15)            Temple (1/1) D:4            Lair (8/8) D:10
 Shoals (0/4) Lair:4       Spider (4/4) Lair:5        Slime (0/6) Lair:7
    Orc (4/4) D:12            Elf (0/3) Orc:3        Vaults (0/5) D:14
 Depths (0/5) D:15

Altars:
Ashenzari
Cheibriados
Dithmenos
Elyvilon
Fedhas
Gozag
Kikubaaqudgha
Makhleb
Nemelex Xobeh
Okawaru
Qazlal
Ru
Sif Muna
Trog
Vehumet
Xom
Yredelemnul
Zin
The Shining One

Shops:
D:6 }   D:8 [%*=   D:11 :   D:12 ((=   Orc:4 ?![=

Portals:
Trove: D:13 (give 15 potions of curing)

Annotations:
D:5 Dowan; Duvessa
D:8 Erica
Lair:4 exclusion: 2 oklob plants
Spider:4 exclusions: 3 doors and 3 more exclusions
Orc:4 4thArraOfDagon's ghost, journeyman MiEE


Innate Abilities, Weirdness & Mutations

You are resistant to torment.
Your stone body is resilient (AC +12).
You are immune to poison.
Your large and strong wings let you fly indefinitely.
You resist negative energy.
You are resistant to electric shocks.
You can survive without breathing.
You are immune to petrification.
You are immune to rotting.
Your flesh is heat resistant.


Message History

Makhleb accepts your kill.
Found 2 fruits.
Found a stone staircase leading up.
A demon appears!
You feel slightly more hungry.
The emperor scorpion stings you but does no damage.
The emperor scorpion closely misses you.
The emperor scorpion claws you.
* * * LOW HITPOINT WARNING * * *
You see here 2 fruits {@e3}.
A demon appears!
You feel slightly more hungry. The emperor scorpion stings you.
* * * LOW HITPOINT WARNING * * *
The emperor scorpion claws you but does no damage.
The emperor scorpion completely misses you.
Your hellwing hits the emperor scorpion but does no damage. x2
The emperor scorpion stings you!
* * * LOW HITPOINT WARNING * * *
The emperor scorpion claws you but does no damage.
The emperor scorpion claws you!
You die...

#### #.^## ##
####...#### ##.
##.#...<#†## ..#
#^.†.......# #..##
....#.....<..#...#
.^..###..#..(.3.<##
.....###.#.^#.##@4##
##.### ##.....#.s.^####
# #### ###.##..####.#
## .#.## ###.#..##..#
#####. ...^#
#......#...## ##.#.^.
#...##
##..#^.......####..#...
.#...#
#....#....#.^#.#......#
.....##
##...##...#..........##
..#...###
##.#####^.#......#...#


You could see an emperor scorpion, a friendly hellwing and a friendly smoke
demon (wandering).

Vanquished Creatures
  Jorgrun (Spider:2)
  Agnes (Spider:1)
  Kirke (D:15)
  3 ghost moths (Spider:1)
  2 emperor scorpions
  An entropy weaver (Spider:2)
  Josephine (D:12)
  A minotaur (Lab)
  3 hydras
  A catoblepas (D:14)
  A yaktaur captain (D:15)
  4 centaur warriors
  6 death yaks
  3 ogre magi (Orc:4)
  A fire crab (Volcano)
  7 slime creatures (D:14)
  3 skeletal warriors (D:14)
  2 unseen horrors (D:11)
  12 orb spiders
  An orc knight (Orc:2)
  10 ugly things
  3 hill giants
  2 hornets
  A manticore (D:14)
  An orc sorcerer (Orc:4)
  2 cyclopes
  4 griffons
  16 wolf spiders
  Maurice (Orc:2)
  A moth of wrath (Spider:1)
  8 elephants
  7 black mambas
  3 gargoyles
  3 centaur zombies
  2 torpor snails
  5 spiny frogs
  The ghost of Raultor the Insei, a novice OpMo (D:5)
  4 komodo dragons
  A queen bee (D:11)
  6 fire drakes
  7 demonic crawlers
  2 minotaur zombies (Lab)
  A tengu conjurer (D:15)
  7 trolls
  5 polar bears
  13 two-headed ogres
  Grinder (D:3)
  21 jumping spiders
  10 blink frogs
  A trapdoor spider zombie (D:12)
  2 deep elf magi
  8 spriggans (Lair:8)
  13 trapdoor spiders
  The ghost of Medar the Cudgeler, an amateur GrSu of Zin (D:4)
  Sigmund (D:2)
  20 tarantellas
  3 wyverns
  27 redbacks
  5 wraiths (D:12)
  3 basilisks
  4 hogs (D:15)
  A vampire (D:14)
  3 shadows
  9 hungry ghosts
  11 hippogriffs
  12 water moccasins
  41 yaks
  Menkaure (D:4)
  7 fire bats (Volcano)
  34 wolves
  A soldier ant (D:14)
  Edmund (D:4)
  4 wargs
  An ice beast (D:14)
  A hell hound (Volcano)
  15 porcupines
  25 spiders
  4 black bears
  6 wasps
  25 ogres
  2 phantoms
  2 sky beasts
  19 orc warriors
  4 big kobolds
  16 centaurs
  7 crocodiles
  23 giant frogs
  A water moccasin zombie (D:6)
  A wyvern skeleton (D:14)
  8 scorpions
  3 wights
  15 killer bees (D:11)
  2 spriggan skeletons (D:11)
  2 electric eels (D:10)
  7 crimson imps
  2 quasits
  4 giant frog zombies
  9 hounds
  6 jellies
  6 centaur skeletons
  22 orc priests
  44 orc wizards
  6 giant frog skeletons
  Jessica (D:3)
  9 iguanas
  7 worker ants
  6 hell rats (Lair:5)
  A killer bee zombie (D:10)
  7 sheep
  2 hound zombies
  A hound skeleton (D:6)
  A worker ant zombie (D:7)
  Robin (D:3)
  9 adders
  58 river rats
  3 shadow imps
  3 oozes
  2 worms
  5 giant geckos
  174 orcs
  A bat (D:3)
  4 giant cockroaches
  2 gnoll zombies (D:5)
  14 goblins
  10 hobgoblins
  4 quokkas
  3 ball pythons
  2 giant newts (D:1)
  29 kobolds
  A quokka skeleton (D:8)
  16 rats
1080 creatures vanquished.

Vanquished Creatures (collateral kills)
  A rakshasa (D:15)
  An ogre mage (Orc:4)
  Sonja (D:13)
  An ugly thing (D:11)
  A black mamba (Lair:8)
  2 komodo dragons
  A polar bear (Lair:8)
  3 two-headed ogres (Orc:4)
  2 blink frogs (Lair:4)
  2 spriggans (Lair:8)
  A redback (Lair:8)
  A yak (Lair:1)
  2 wolves (Lair:8)
  A porcupine (Lair:4)
  2 orc warriors
  2 ogres (Orc:4)
  A black bear (Lair:8)
  A giant frog (Lair:2)
  A jelly (D:13)
  4 gnolls (D:5)
  An adder (D:2)
  2 river rats (Lair:2)
  2 worms
  A giant gecko (D:2)
  4 orcs
  6 goblins
  A hobgoblin (D:1)
  A kobold (D:1)
  2 bats
  2 giant newts (D:1)
  A rat (D:3)
54 creatures vanquished.

Vanquished Creatures (others)
  Arachne (Spider:2)
  A wolf spider (Spider:3)
  A jumping spider (Spider:3)
  An ice beast (D:12)
  A jelly (D:15)
  An orc wizard (D:11)
  A kobold (D:12)
  31 fungi
  22 plants
60 creatures vanquished.

Grand Total: 1194 creatures vanquished

Notes
Turn   | Place    | Note
--------------------------------------------------------------
     0 | D:1      | Medar the Gargoyle Summoner began the quest for the Orb.
     0 | D:1      | Reached XP level 1. HP: 10/10 MP: 3/3
   207 | D:1      | Reached skill level 1 in Fighting
   319 | D:1      | Reached XP level 2. HP: 12/17 MP: 3/5
   459 | D:1      | Reached skill level 1 in Maces & Flails
   503 | D:1      | Learned a level 2 spell: Call Imp
   882 | D:1      | Reached XP level 3. HP: 9/21 MP: 4/6
  1249 | D:2      | Reached skill level 1 in Staves
  1396 | D:2      | Noticed Sigmund
  1522 | D:2      | Killed Sigmund
  1522 | D:2      | Reached XP level 4. HP: 16/26 MP: 3/7
  1522 | D:2      | Reached XP level 5. HP: 18/30 MP: 3/8
  1907 | D:3      | Reached skill level 4 in Staves
  1941 | D:3      | Found a shadowy altar of Dithmenos.
  2379 | D:3      | Noticed Robin
  2393 | D:3      | Learned a level 3 spell: Call Canine Familiar
  2422 | D:3      | Killed Robin
  2617 | D:3      | Noticed Grinder
  2619 | D:3      | Reached XP level 6. HP: 33/35 MP: 9/9
  2622 | D:3      | Paralysed by Grinder for 4 turns
  2668 | D:3      | Killed Grinder
  2668 | D:3      | Reached skill level 5 in Staves
  2884 | D:3      | Found a faded altar to an unknown god.
  2889 | D:3      | Noticed Jessica
  2892 | D:3      | Killed Jessica
  2892 | D:3      | Reached skill level 6 in Staves
  3034 | D:3      | Reached XP level 7. HP: 39/39 MP: 10/10
  3390 | D:4      | Noticed Medar's ghost (amateur GrSu)
  3487 | D:4      | Noticed Menkaure
  3494 | D:4      | Killed Menkaure
  3715 | D:4      | Reached skill level 7 in Staves
  3881 | D:4      | Found a sparkling altar of Nemelex Xobeh.
  3923 | D:4      | Found a bloodstained altar of Trog.
  4102 | D:4      | Learned a level 4 spell: Summon Lightning Spire
  4439 | D:4      | Found a staircase to the Ecumenical Temple.
  4444 | Temple   | Entered the Ecumenical Temple
  4484 | Temple   | Became a worshipper of Makhleb the Destroyer
  4519 | D:4      | Noticed Edmund
  4529 | D:4      | Killed Edmund
  4746 | D:5      | Entered Level 5 of the Dungeon
  4764 | D:5      | Reached skill level 8 in Staves
  4795 | D:5      | Reached XP level 8. HP: 23/44 MP: 11/11
  4944 | D:5      | Found an iron altar of Okawaru.
  4945 | D:5      | Noticed Raultor's ghost (novice OpMo)
  5027 | D:5      | Killed Raultor's ghost
  5027 | D:5      | Reached skill level 9 in Staves
  5190 | D:5      | Found a glowing silver altar of Zin.
  5580 | D:5      | Got a clouded pewter ring
  5581 | D:5      | Identified the ring of Oggum {AC+3 Str+2} (You found it on level 5 of the Dungeon)
  5585 | D:5      | Got a warped ring mail
  5596 | D:5      | Identified the +5 ring mail "Acotz" {Str+4 Slay+3} (You found it on level 5 of the Dungeon)
  5651 | D:5      | Reached * piety under Makhleb
  5680 | D:5      | Reached skill level 10 in Staves
  5794 | D:5      | Found a basalt altar of Yredelemnul.
  5890 | D:5      | Noticed Duvessa
  5894 | D:5      | Noticed Dowan
  5982 | D:4      | Killed Medar's ghost
  5982 | D:4      | Reached XP level 9. HP: 48/48 MP: 7/12
  6237 | D:6      | Reached skill level 11 in Staves
  6333 | D:6      | Reached skill level 1 in Armour
  6374 | D:6      | Reached ** piety under Makhleb
  6434 | D:6      | Found a radiant altar of Vehumet.
  6513 | D:6      | Found Puluzxoe's Quality Used Wands.
  6637 | D:6      | Found a white marble altar of Elyvilon.
  6746 | D:7      | Found a shattered altar of Ashenzari.
  7241 | D:7      | Reached skill level 5 in Fighting
  7839 | D:8      | Found Cutal's Assorted Antiques.
  7847 | D:8      | Bought 3 scrolls labeled OSOIFINIAMO for 57 gold pieces
  7847 | D:8      | Bought 2 scrolls labeled KUQOM TIXUUN for 38 gold pieces
  7847 | D:8      | Bought a potion of curing for 57 gold pieces
  7916 | D:8      | Found Sitruduq's Jewellery Boutique.
  7968 | D:8      | Noticed Erica
  8000 | D:8      | Found Vadoej's Food Boutique.
  8029 | D:8      | Found Tuxt's Armour Shop.
  8149 | D:8      | Reached *** piety under Makhleb
  8344 | D:8      | Found a shimmering altar of Xom.
  8429 | D:8      | Found a blossoming altar of Fedhas.
  8432 | D:8      | Found an ancient bone altar of Kikubaaqudgha.
  8696 | D:8      | Gained mutation: Your flesh is heat resistant. [mutagenic meat]
  8873 | D:9      | Reached skill level 12 in Staves
  8873 | D:9      | Reached XP level 10. HP: 52/59 MP: 13/13
  9706 | D:10     | Entered Level 10 of the Dungeon
  9727 | D:10     | Noticed a hill giant
  9791 | D:9      | Reached skill level 13 in Staves
  9885 | D:10     | Killed a hill giant
  9885 | D:10     | Reached **** piety under Makhleb
  9925 | D:10     | Found a staircase to the Lair.
  9936 | D:10     | Reached skill level 14 in Staves
  9955 | D:10     | Reached skill level 1 in Invocations
 10151 | D:10     | Reached XP level 11. HP: 44/63 MP: 10/14
 10208 | D:10     | Reached skill level 5 in Invocations
 10321 | D:10     | Identified Eduxud's Guide on Venomous Transmutation
 10704 | Lair:1   | Entered Level 1 of the Lair of Beasts
 11673 | Lair:2   | Found a labyrinth entrance.
 11677 | Lab      | Entered a labyrinth
 12176 | Lab      | Noticed a minotaur
 12212 | Lab      | Killed a minotaur
 12212 | Lab      | Reached skill level 5 in Dodging
 12221 | Lab      | Got a jewelled glaive
 12221 | Lab      | Got a twitching jade ring
 12227 | Lab      | Identified the ring "Ymidag" {rC+ MP+9 Stlth+} (You found it in a labyrinth)
 12608 | Lair:2   | Reached XP level 12. HP: 67/73 MP: 15/15
 12639 | Lair:2   | Reached ***** piety under Makhleb
 12752 | Lair:2   | Identified the +7 glaive "Hod Gewk" {chop, *Corrode rN+++ Int+4} (You found it in a labyrinth)
 12855 | Lair:2   | Reached skill level 5 in Armour
 13378 | Lair:3   | Found a bloodstained altar of Trog.
 14005 | Lair:4   | Reached skill level 10 in Fighting
 14240 | Lair:4   | Found a staircase to the Shoals.
 15014 | Lair:5   | Found a hole to the Spider Nest.
 15392 | Lair:5   | Found a glowing silver altar of Zin.
 15453 | Lair:5   | Noticed a death yak
 15454 | Lair:5   | Noticed a death yak
 15454 | Lair:5   | Noticed a death yak
 15454 | Lair:5   | Noticed a death yak
 15455 | Lair:5   | Noticed a death yak
 15455 | Lair:5   | Noticed a death yak
 15499 | Lair:4   | Killed a death yak
 15823 | Lair:5   | Killed a death yak
 15823 | Lair:5   | Reached XP level 13. HP: 71/86 MP: 16/16
 15920 | Lair:4   | Killed a death yak
 16497 | Lair:4   | Killed a death yak
 16615 | Lair:5   | Killed a death yak
 16633 | Lair:5   | Killed a death yak
 16884 | Lair:6   | Reached skill level 10 in Armour
 17027 | Lair:6   | Reached ****** piety under Makhleb
 17124 | Lair:6   | Got a shimmering wooden ring
 17126 | Lair:6   | Identified the ring "Piugicel" {rPois Dex+3} (You found it on level 6 of the Lair of Beasts)
 17476 | Lair:7   | Found a staircase to the Slime Pits.
 17948 | Lair:8   | Entered Level 8 of the Lair of Beasts
 18129 | Lair:8   | Learned a level 2 spell: Swiftness
 19071 | Lair:7   | Gained mutation: Your large and strong wings let you fly indefinitely. [Gargoyle growth]
 19071 | Lair:7   | Reached XP level 14. HP: 83/92 MP: 17/17
 19201 | Lair:8   | Got a pair of faintly humming gloves
 19207 | Lair:8   | Identified the +2 pair of gloves of the Frog {MP+9 Dex+4} (You found it on level 8 of the Lair of Beasts)
 19441 | Lair:8   | Found a snail-covered altar of Cheibriados.
 20103 | Lair:8   | Reached skill level 1 in Charms
 20710 | Lair:1   | Learned a level 6 spell: Haste
 20913 | D:11     | Found Nikhlaxo's Book Shop.
 20973 | D:11     | Bought a book of Minor Magic for 340 gold pieces
 21031 | D:11     | Found a radiant altar of Vehumet.
 22008 | D:12     | Noticed Josephine
 22058 | D:12     | Killed Josephine
 22177 | D:11     | Learned a level 2 spell: Blink
 22180 | D:11     | Learned a level 2 spell: Repel Missiles
 22399 | D:12     | Found Baintael's Weapon Shoppe.
 22426 | D:12     | Reached skill level 1 in Translocations
 22527 | D:12     | Found Maxoiphu's Antique Weapon Shop.
 22558 | D:12     | Bought a glowing quarterstaff for 116 gold pieces
 22940 | D:12     | Reached skill level 1 in Air Magic
 22990 | D:12     | Found Bujolear's Jewellery Shop.
 23077 | D:12     | Found a staircase to the Orcish Mines.
 23354 | Orc:1    | Entered Level 1 of the Orcish Mines
 23739 | Orc:1    | Found a deep blue altar of Sif Muna.
 23775 | Orc:1    | Identified Sif Muna's Disquisition on Confrontation
 24005 | Orc:2    | Noticed Maurice
 24020 | Orc:2    | Killed Maurice
 24047 | Orc:2    | Found a dark tunnel.
 24054 | Volcano  | Entered a volcano
 24146 | Volcano  | Reached skill level 5 in Charms
 25013 | Orc:3    | Found a staircase to the Elven Halls.
 25448 | Orc:4    | Entered Level 4 of the Orcish Mines
 25448 | Orc:4    | Noticed 4thArraOfDagon's ghost (journeyman MiEE)
 25617 | Orc:4    | Reached XP level 15. HP: 77/96 MP: 21/21
 26318 | Orc:4    | Found Wumeaham's Magic Scroll Emporium.
 26396 | Orc:4    | Found Viep's Antique Armour Shop.
 26396 | Orc:4    | Found Pocets's Jewellery Shoppe.
 26396 | Orc:4    | Found Leptag's Distillery.
 26404 | Orc:4    | Bought a potion of resistance for 110 gold pieces
 26404 | Orc:4    | Bought a potion of heal wounds for 55 gold pieces
 26404 | Orc:4    | Bought a potion of heal wounds for 55 gold pieces
 26405 | Orc:4    | Bought a scroll of fog for 24 gold pieces
 26405 | Orc:4    | Bought a scroll of identify for 24 gold pieces
 26405 | Orc:4    | Bought a scroll of identify for 24 gold pieces
 26563 | Orc:4    | Noticed an Executioner
 26891 | D:13     | Noticed Sonja
 27073 | D:13     | Killed Sonja
 27311 | D:13     | Found a portal to a secret trove of treasure.
 28289 | D:14     | Reached skill level 10 in Charms
 28439 | D:14     | Found a gate to the Vaults.
 28959 | D:15     | Entered Level 15 of the Dungeon
 29036 | D:15     | Found a blossoming altar of Fedhas.
 29333 | D:15     | Noticed Kirke
 29903 | D:15     | Reached skill level 5 in Spellcasting
 29974 | D:15     | Found a staircase to the Depths.
 30326 | D:15     | Killed Kirke
 30562 | Orc:4    | Bought a bloodstained chain mail for 237 gold pieces
 30572 | Orc:4    | Identified the cursed +1 chain mail of the Hall of Blades {rElec rPois} (You bought it in a shop on level 4 of the Orcish Mines)
 30877 | Spider:1 | Entered Level 1 of the Spider Nest
 31006 | Spider:1 | Reached XP level 16. HP: 101/101 MP: 25/25
 31673 | D:8      | Bought an uncursed amulet of clarity for 280 gold pieces
 31673 | D:8      | Bought an uncursed amulet of regeneration for 420 gold pieces
 32507 | Spider:2 | Identified a scroll of acquirement
 32929 | Spider:2 | Noticed Agnes
 32957 | Spider:1 | Killed Agnes
 33012 | Spider:2 | Got a blackened chain mail
 33035 | Spider:1 | Identified the +8 chain mail "Cuenylocips" {rPois rCorr} (You found it on level 2 of the Spider Nest)
 33094 | Spider:2 | Noticed Arachne
 33098 | Spider:2 | Noticed Jorgrun
 33114 | Spider:2 | Killed Arachne
 33125 | Spider:2 | Killed Jorgrun
 34963 | Spider:4 | Entered Level 4 of the Spider Nest
 35113 | Spider:4 | Reached XP level 17. HP: 106/106 MP: 29/29
 35276 | Spider:4 | Slain by an emperor scorpion

Action                   |  1- 3 |  4- 6 |  7- 9 | 10-12 | 13-15 | 16-18 || total
-------------------------+-------+-------+-------+-------+-------+-------++-------
Melee: Unarmed           |    26 |       |       |       |     6 |       ||    32
       Club              |    78 |       |       |       |       |       ||    78
       Quarterstaff      |    23 |   168 |   522 |  1116 |  2993 |   249 ||  5071
       Lajatang          |       |       |       |       |       |   499 ||   499
 Cast: Summon Small Mamm |    16 |       |       |       |       |       ||    16
       Call Imp          |     6 |     4 |     6 |     5 |       |       ||    21
       Call Canine Famil |       |     3 |    11 |     7 |     1 |       ||    22
       Repel Missiles    |       |       |       |       |     5 |     1 ||     6
       Blink             |       |       |       |       |     4 |     3 ||     7
Invok: Lesser Servant of |       |       |       |     2 |    10 |     3 ||    15
       Minor Destruction |       |       |       |       |     6 |       ||     6
       Greater Servant o |       |       |       |       |     6 |     1 ||     7
       Major Destruction |       |       |       |       |       |    14 ||    14
Evoke: Wand              |       |       |       |     9 |     7 |     4 ||    20
  Use: Potion            |     3 |     2 |       |     3 |     2 |     1 ||    11
       Scroll            |       |       |    11 |    11 |    14 |    12 ||    48
 Stab: Sleeping          |     6 |     6 |    16 |     7 |     8 |     3 ||    46
       Distracted        |       |     2 |       |       |     1 |     1 ||     4
       Paralysed         |       |       |       |     3 |       |       ||     3
       Invisible         |       |       |       |     1 |       |       ||     1
  Eat: Chunk             |     3 |     6 |    20 |    21 |    43 |     1 ||    94
       Royal jelly       |       |       |     1 |       |     5 |       ||     6
       Beef jerky        |       |       |       |     1 |     2 |       ||     3
       Meat ration       |       |       |       |     3 |     1 |     2 ||     6
       Fruit             |       |       |       |     1 |       |       ||     1
